 Dungeon Crawl Stone Soup version 0.21-a0-432-g6a4a694 (webtiles) character file.

32 Espgualade the Skirmisher (level 3, -4/22 HPs)
             Began as a Tengu Ice Elementalist on Nov 7, 2017.
             Slain by a centaur zombie (5 damage)
             ... on level 2 of the Dungeon.
             The game lasted 00:02:34 (1130 turns).

Espgualade the Skirmisher (Tengu Ice Elementalist)  Turns: 1130, Time: 00:02:34

Health: -4/22      AC:  2    Str:  8    XL:     3   Next: 27%
Magic:  7/7        EV: 12    Int: 16    God:
Gold:   81         SH:  0    Dex: 14    Spells: 0/6 levels left

rFire    . . .     SeeInvis .   d - +0 short sword
rCold    . . .     Gourm    .   (no shield)
rNeg     . . .     Faith    .   a - +0 robe
rPois    .         Spirit   .   (helmet restricted)
rElec    .         Reflect  .   (no cloak)
rCorr    .         Harm     .   (no gloves)
MR       .....                  (boots unavailable)
Stlth    ++........             (no amulet)
HPRegen  0.07/turn              (no ring)
MPRegen  0.10/turn              (no ring)

@: no status effects
A: beak, talons 3
a: no special abilities


You were on level 2 of the Dungeon.
You were not hungry.

You visited 1 branch of the dungeon, and saw 2 of its levels.

You collected 81 gold pieces.

Inventory:

Hand Weapons
 d - a +0 short sword (weapon)
Armour
 a - a +0 robe (worn)
Scrolls
 e - a scroll of identify
 f - a scroll of remove curse {unknown}
 g - a scroll of magic mapping {unknown}
Potions
 h - a potion of flight {unknown}
 i - a potion of heal wounds {unknown}
 j - a potion of invisibility
Books
 b - a book of Frost

   Spells                             Type                      Level
   a - Freeze                         Ice                          1
   b - Throw Frost                    Conjuration/Ice              2
   c - Ozocubu's Armour               Charms/Ice                   3
   d - Throw Icicle                   Conjuration/Ice              4
   e - Summon Ice Beast               Ice/Summoning                4
Comestibles
 c - a bread ration
 l - a royal jelly


   Skills:
 + Level 2.8 Fighting
 - Level 2.1 Dodging
 - Level 2.0 Stealth
 - Level 2.0 Spellcasting
 - Level 1.3 Conjurations
 - Level 2.6 Ice Magic


You couldn't memorise any spells.
You knew the following spells:

 Your Spells              Type           Power        Failure   Level  Hunger
a - Freeze                Ice            ##..         7%          1    #......
b - Throw Frost           Conj/Ice       #.....       14%         2    ###....
c - Ozocubu's Armour      Chrm/Ice       #.......     34%         3    ###....


Dungeon Overview and Level Annotations

Branches:
Dungeon (2/15)

Altars:
Dithmenos


Innate Abilities, Weirdness & Mutations

You have a beak for a mouth.
You have claws for feet.


Message History

The centaur zombie completely misses you.
The centaur zombie closely misses you.
You hit the centaur zombie but do no damage.
You peck the centaur zombie, but do no damage.
The centaur zombie is moderately damaged.
The centaur zombie hits you.
You hit the centaur zombie.
The centaur zombie is heavily damaged.
The centaur zombie hits you. The centaur zombie hits you!
* * * LOW HITPOINT WARNING * * *
You hit the centaur zombie.
You peck the centaur zombie, but do no damage.
The centaur zombie is heavily damaged.
The centaur zombie hits you.
* * * LOW HITPOINT WARNING * * *
You hit the centaur zombie but do no damage.
Your kick misses the centaur zombie. You peck the centaur zombie.
The centaur zombie is severely damaged.
The centaur zombie barely misses you. The centaur zombie hits you.
You die...

#....# ### #[...#
#.. ###....# #...
#......# #...
#.#....# #....
##...####
#%...###...##
#......#.#.#######
#....Z@...........
#....##..#.#######
......###...#
.....#......# ...
........## . ..
.........# .# .
.........#
.........#
.........###


You could see a centaur zombie.

Vanquished Creatures
  2 dart slugs (D:1)
  2 bats (D:1)
  2 giant cockroaches
  6 goblins
  2 hobgoblins
  2 ball pythons
  4 frilled lizards
  6 kobolds (D:1)
  2 rats (D:1)
28 creatures vanquished.

Notes
Turn   | Place    | Note
-------+----------+-------------------------------------------
     0 | D:1      | Espgualade the Tengu Ice Elementalist began the quest for the Orb.
     0 | D:1      | Reached XP level 1. HP: 10/10 MP: 4/4
   282 | D:1      | Reached skill level 1 in Fighting
   396 | D:1      | Reached XP level 2. HP: 16/16 MP: 6/6
   758 | D:1      | Reached XP level 3. HP: 22/22 MP: 7/7
   869 | D:1      | Learned a level 2 spell: Throw Frost
   873 | D:1      | Learned a level 3 spell: Ozocubu's Armour
   906 | D:2      | Found a shadowy altar of Dithmenos.
  1129 | D:2      | HP: 1/22 [centaur zombie (1)]
  1130 | D:2      | Slain by a centaur zombie

Vault maps used:
D:1:      roderic_crop_circles_arrival_small, minmay_pentomino_z2
D:2:      grunt_dithmenos_smoke

Skill      XL: |  1  2 |
---------------+-------+-----
Fighting       | 1 2 |  2.8
Dodging        | |  2.1
Stealth        | |  2.0
Spellcasting   | |  2.0
Conjurations   | |  1.3
Ice Magic      | |  2.6

Action                   || total
-------------------------++-------
Melee: Short sword       ||    71
       Kick              ||    13
       Peck              ||     9
 Cast: Freeze            ||     5
  Use: Scroll            ||     2
       Potion            ||     1
 Stab: Sleeping          ||     4
  Eat: Chunk             ||     1
Armor: Robe              ||    10
Dodge: Dodged            ||    38

Table legend:
 A = Spawn XP
 B = Non-spawn XP
 C = Spawn XP percentage of total XP
 D = Spawn monster count
 E = Non-spawn monster count
 F = Spawn count percentage of total count
 G = Total turns spent on level
                    A         B        C        D         E        F      G
               +---------+---------+-------+---------+---------+-------+---------
         Total |       0 |      47 |   0.0 |       0 |      28 |   0.0 |  1130
               +---------+---------+-------+---------+---------+-------+---------
           D:1 |       0 |      35 |   0.0 |       0 |      20 |   0.0 |   892
           D:2 |       0 |      12 |   0.0 |       0 |       8 |   0.0 |   238
               +---------+---------+-------+---------+---------+-------+---------
